 Dungeon Crawl Stone Soup version 0.21-a0-584-g185da8e (webtiles) character file.

2498 Amnesiac the Martial Artist (level 9, -6/61 HPs)
             Began as an Octopode Transmuter on Dec 20, 2017.
             Was an Elder of Okawaru.
             Killed from afar by Dowan (31 damage)
             ... with a shard of ice
             ... on level 7 of the Dungeon.
             The game lasted 00:07:54 (6678 turns).

Amnesiac the Martial Artist (Octopode Transmuter)   Turns: 6678, Time: 00:07:54

Health: -6/61      AC:  1    Str: 13    XL:     9   Next: 52%
Magic:  9/12       EV: 17    Int: 15    God:    Okawaru [****..]
Gold:   259        SH:  0    Dex: 16    Spells: 2/12 levels left

rFire    . . .     SeeInvis .     - Unarmed
rCold    . . .     Gourm    .   (no shield)
rNeg     . . .     Faith    .   (helmet restricted)
rPois    +         Spirit   .   (no amulet)
rElec    .         Reflect  .   d - +4 ring of strength
rCorr    .         Harm     .   r - ring of poison resistance
MR       .....                  (no ring)
Stlth    ++........             (no ring)
HPRegen  0.20/turn              (no ring)
MPRegen  0.13/turn              (no ring)
                                (no ring)
                                (no ring)

@: no status effects
A: almost no armour, stealthy swim, amphibious, 8 rings, constrict 8, camouflage
1, gelatinous body 1
a: Heroism, Renounce Religion


You were on level 7 of the Dungeon.
You worshipped Okawaru.
Okawaru was greatly pleased with you.
You were not hungry.

You visited 2 branches of the dungeon, and saw 8 of its levels.

You collected 259 gold pieces.

Inventory:

Hand Weapons
 q - a +0 blowgun
Missiles
 a - 62 arrows
 p - 6 poisoned needles
 s - 2 javelins of returning (quivered)
Jewellery
 d - a +4 ring of strength (left tentacle)
 r - a ring of poison resistance (right tentacle)
 u - an uncursed ring of teleportation
Wands
 t - a wand of clouds (7)
Scrolls
 h - a scroll of remove curse {!r}
 i - 2 scrolls of noise {!r, unknown}
 j - 4 scrolls of magic mapping {!r}
 k - 2 scrolls of teleportation {!r, unknown}
 m - 3 scrolls of amnesia {!r, unknown}
 o - 3 scrolls of immolation {!r, unknown}
 w - 2 scrolls of fog {!r, unknown}
 x - a scroll of blinking {!r, unknown}
 y - 2 scrolls of enchant weapon {!r, unknown}
 A - a scroll of enchant armour {!r, unknown}
Potions
 e - a potion of agility {!q}
 f - 3 potions of curing {!q}
 g - a potion of flight {!q}
 l - 5 potions of ambrosia {!q}
 n - 2 potions of lignification {!q}
 v - a potion of heal wounds {!q}
Books
 b - a book of Changes

   Spells                             Type                      Level
   a - Beastly Appendage              Transmutation                1
   b - Sticks to Snakes               Transmutation                2
   c - Spider Form                    Transmutation/Poison         3
   d - Ice Form                       Ice/Transmutation            4
   e - Blade Hands                    Transmutation                5
Comestibles
 c - 16 rations
 z - 4 chunks of flesh


   Skills:
 + Level 5.4 Fighting
 + Level 5.5 Dodging
 * Level 8.0 Unarmed Combat
 - Level 2.0 Spellcasting
 + Level 5.4 Transmutations
 + Level 4.6 Invocations


You had 2 spell levels left.
You knew the following spells:

 Your Spells              Type           Power        Failure   Level  Hunger
a - Sticks to Snakes      Tmut           ###.....     3%          2    ###....
b - Beastly Appendage     Tmut           ###...       2%          1    #......
c - Ice Form              Ice/Tmut       #.......     58%         4    #####..
e - Spider Form           Tmut/Pois      #.........   22%         3    ###....


Dungeon Overview and Level Annotations

Branches:
Dungeon (7/15)             Temple (1/1) D:4

Altars:
Ashenzari
Cheibriados
Dithmenos
Elyvilon
Makhleb
Nemelex Xobeh
Okawaru
Qazlal
Ru
Trog
Uskayaw
Vehumet
Wu Jian
Xom
Yredelemnul
The Shining One

Shops:
D:5 [

Annotations:
D:7 Dowan


Innate Abilities, Weirdness & Mutations

You cannot wear most types of armour.
You are very stealthy in the water. (Stealth+)
You are amphibious.
You can wear up to eight rings at the same time.
You can use your tentacles to constrict eight enemies at once.
Your skin changes colour to match your surroundings (Stealth+).
Your rubbery body absorbs attacks. (AC +1, EV +1)


Message History

The ice beast barely misses you.
You bite the ice beast!
The ice beast is moderately wounded.
The ice beast hits you. The ice beast freezes you!
You barely miss the ice beast.
The ice beast is heavily wounded.
You barely miss the ice beast.
The ice beast is heavily wounded.
The ice beast hits you. The ice beast freezes you.
Dowan says, "Magic and the sword, together, will defeat you."
Duvessa says, "When magic and the sword combine, nothing stands against them."
You bite the ice beast!
The ice beast looks as sick as possible!
The ice beast is almost dead.
The ice beast completely misses you.
You hit the ice beast but do no damage.
The ice beast is almost dead.
You kill the ice beast!
Okawaru accepts your kill.
You bite the orc!
You kill the orc!
Okawaru accepts your kill.
You barely miss Duvessa. Duvessa hits you with a rapier.
* * * LOW HITPOINT WARNING * * *
You hit Duvessa but do no damage.
Duvessa is poisoned.
Duvessa completely misses you.
You hit Duvessa but do no damage.
Duvessa looks as sick as possible!
Duvessa hits you but does no damage.
You hit Duvessa but do no damage.
Duvessa is lightly wounded.
Duvessa hits you with a rapier!
* * * LOW HITPOINT WARNING * * *
You hit Duvessa but do no damage.
Duvessa looks as sick as possible!
Duvessa is lightly wounded.
Dowan mumbles some strange words.
Dowan blinks!
You hit Duvessa but do no damage.
Duvessa is moderately wounded.
Your transformation is almost over.
Duvessa completely misses you.
You bite Duvessa!
Duvessa looks as sick as possible!
Duvessa is severely wounded.
Duvessa misses you.
You hit Duvessa but do no damage.
Duvessa is almost dead.
You kill Duvessa!
Okawaru accepts your kill.
Dowan seems overcome with grief, but rights himself reflexively soon after.
Dowan seems to find hidden reserves of power!
Your Unarmed Combat skill increases to level 8!
You barely miss the leopard gecko.
The leopard gecko completely misses you.
You hit the leopard gecko but do no damage.
The leopard gecko is poisoned.
The leopard gecko closely misses you.
The leopard gecko completely misses you.
Your transformation has ended.
You kill the leopard gecko!
Okawaru accepts your kill.
Your magical contamination has completely faded away.
Dowan shakes with grief.
Dowan gestures at you while chanting. The shard of ice hits you!
Ouch! That really hurt!
You die...

###..##...## *#...,,*,,,,,,,**,,
.#.....##..####.............***,*
........##.................#*,,,,
.....S...##................#.8,,,
.......<...................#..,,,
.............#.#.............,,_,
...........................#,,,,,
................#....o.....#,8,,,
..>.............@....e.....##,,,,
...................###o.o...#**,*
...................#4#..†...# *,,
####...........#.#######....# *,,
#.#.........#...._#2####)####.
#.##..##......#######...o....e
##.......#.......#3#..#..e.....
#........#.......####$..o......
#........#)......#*............


You could see Dowan and 2 orcs.

Vanquished Creatures
  Prince Ribbit (D:5)
  A hippogriff (D:7)
  Menkaure (D:7)
  A water moccasin (D:7)
  Duvessa (D:7)
  A sky beast (D:5)
  2 ice beasts
  2 centaurs
  2 ogres
  2 scorpions (D:4)
  2 centaur zombies
  2 crimson imps (D:7)
  A bullfrog skeleton (D:6)
  2 hounds
  A jelly (D:5)
  5 orc priests
  An iguana (D:6)
  4 orc wizards
  4 worker ants
  A hound skeleton (D:7)
  A gnoll (D:5)
  6 adders
  A worm (D:6)
  5 leopard geckos
  22 orcs
  7 bats
  8 giant cockroaches
  11 goblins
  6 hobgoblins
  2 jackals (D:1)
  2 quokkas (D:6)
  7 frilled lizards
  9 kobolds
  2 rats
126 creatures vanquished.

Notes
Turn   | Place    | Note
-------+----------+-------------------------------------------
     0 | D:1      | Amnesiac the Octopode Transmuter began the quest for the Orb.
     0 | D:1      | Reached XP level 1. HP: 13/13 MP: 3/3
   295 | D:1      | Reached XP level 2. HP: 19/19 MP: 5/5
   301 | D:1      | Learned a level 2 spell: Sticks to Snakes
   717 | D:2      | Found a shimmering altar of Xom.
   740 | D:2      | Reached XP level 3. HP: 18/24 MP: 6/6
  1117 | D:2      | Learned a level 3 spell: Spider Form
  1137 | D:2      | Found a faded altar of an unknown god.
  1370 | D:2      | Found a shadowy altar of Dithmenos.
  1423 | D:2      | Found a shattered altar of Ashenzari.
  2150 | D:3      | Reached XP level 4. HP: 29/30 MP: 7/7
  2231 | D:3      | Found a radiant altar of Vehumet.
  2935 | D:4      | Found a staircase to the Ecumenical Temple.
  2958 | D:4      | Reached skill level 4 in Unarmed Combat
  2958 | D:4      | Reached XP level 5. HP: 22/36 MP: 8/8
  3044 | Temple   | Entered the Ecumenical Temple
  3057 | Temple   | Became a worshipper of Warmaster Okawaru
  3245 | D:4      | Found a basalt altar of Yredelemnul.
  3465 | D:4      | Reached XP level 6. HP: 32/42 MP: 9/9
  3550 | D:5      | Entered Level 5 of the Dungeon
  3585 | D:5      | Found Ilioprec's Antique Armour Shop.
  3590 | D:5      | Noticed Prince Ribbit
  3628 | D:6      | Reached * piety under Okawaru
  3842 | D:6      | Reached skill level 5 in Unarmed Combat
  4051 | D:6      | Found a snail-covered altar of Cheibriados.
  4124 | D:6      | Reached skill level 1 in Invocations
  4124 | D:6      | Reached XP level 7. HP: 37/46 MP: 10/10
  4137 | D:6      | Found an ornate altar of the Wu Jian Council.
  4140 | D:6      | Found a white marble altar of Elyvilon.
  4343 | D:6      | Reached ** piety under Okawaru
  4504 | D:5      | Killed Prince Ribbit
  4504 | D:5      | Reached XP level 8. HP: 50/54 MP: 8/11
  4596 | D:5      | Reached skill level 6 in Unarmed Combat
  5364 | D:5      | Found an iron altar of Okawaru.
  5512 | D:6      | Reached *** piety under Okawaru
  5860 | D:7      | Learned a level 4 spell: Ice Form
  5891 | D:7      | Noticed a hippogriff
  5902 | D:7      | Killed a hippogriff
  5902 | D:7      | Reached skill level 7 in Unarmed Combat
  5934 | D:7      | Reached skill level 5 in Dodging
  5934 | D:7      | Reached XP level 9. HP: 50/60 MP: 12/12
  5951 | D:7      | Noticed Menkaure
  6058 | D:7      | Reached skill level 5 in Fighting
  6058 | D:7      | Reached skill level 5 in Transmutations
  6063 | D:7      | Reached **** piety under Okawaru
  6085 | D:7      | HP: 3/61 [poisoned by a water moccasin]
  6093 | D:7      | HP: 3/61 [poisoned by a water moccasin]
  6101 | D:7      | HP: 3/61 [poisoned by a water moccasin]
  6414 | D:7      | Killed Menkaure
  6623 | D:7      | Found a burning altar of Makhleb.
  6623 | D:7      | Noticed a green death
  6627 | D:7      | Noticed a hellwing
  6641 | D:7      | Noticed Duvessa
  6642 | D:7      | Noticed Dowan
  6666 | D:7      | Killed Duvessa
  6666 | D:7      | Reached skill level 8 in Unarmed Combat
  6678 | D:7      | Killed from afar by Dowan

Vault maps used:
D:1:      mrwooster_arrival_arrow
D:2:      nicolae_overflow_hidden_temple, xom_teletrap_fun,
          lemuel_coloured_pillars_altar, chequers_ecumenical_altar_island
D:3:      vehumet_crystals
D:4:      minmay_wonky_spiral, kennysheep_mini, minmay_temple_entry_statues
D:5:      first_ration, serial_shops, nicolae_shop_overgrown_old_shop,
          okawaru_altar_gauntlet_db, uniq_prince_ribbit1
D:6:      minitemple, cheibriados_altar_1, kennysheep_generic_room_3
D:7:      grunt_gozag_statues, grunt_decor_mini_mirrors,
          makhleb_altar_promises_db, uniq_menkaure, uniq_duvessa
Temple:   dshaligram_water_room_temple

Skill      XL: |  1  2  3  4  5  6  7  8  9 |
---------------+----------------------------+-----
Fighting       | 2 3 4 5 |  5.4
Unarmed Combat | 4 5 7 8 |  8.0
Dodging        | 3 4 5 |  5.5
Transmutations | 3 4 5 |  5.4
Invocations    | 1 2 3 4 |  4.6
Spellcasting   | |  2.0

Action                   |  1- 3 |  4- 6 |  7- 9 || total
-------------------------+-------+-------+-------++-------
Melee: Unarmed           |    82 |    99 |   186 ||   367
       Constrict         |    23 |    22 |    23 ||    68
       Tentacles         |    15 |    20 |    26 ||    61
       Kick              |     1 |       |       ||     1
       Punch             |     1 |     2 |     1 ||     4
Throw: Javelin           |       |       |     1 ||     1
 Cast: Beastly Appendage |     1 |       |       ||     1
       Spider Form       |       |     1 |    14 ||    15
  Use: Scroll            |       |       |     9 ||     9
 Stab: Sleeping          |     3 |     7 |     5 ||    15
       Distracted        |       |       |     1 ||     1
  Eat: Chunk             |     4 |     6 |    11 ||    21
Armor: Skin              |     7 |     5 |     4 ||    16
Dodge: Dodged            |    50 |    40 |   162 ||   252

Table legend:
 A = Spawn XP
 B = Non-spawn XP
 C = Spawn XP percentage of total XP
 D = Spawn monster count
 E = Non-spawn monster count
 F = Spawn count percentage of total count
 G = Total turns spent on level
                    A         B        C        D         E        F      G
               +---------+---------+-------+---------+---------+-------+---------
         Total |       0 |    3569 |   0.0 |       0 |     123 |   0.0 |  6678
               +---------+---------+-------+---------+---------+-------+---------
           D:1 |       0 |      18 |   0.0 |       0 |      11 |   0.0 |   651
           D:2 |       0 |      57 |   0.0 |       0 |      20 |   0.0 |  1174
           D:3 |       0 |      39 |   0.0 |       0 |      15 |   0.0 |   999
           D:4 |       0 |     248 |   0.0 |       0 |      13 |   0.0 |   724
           D:5 |       0 |     709 |   0.0 |       0 |      18 |   0.0 |  1041
           D:6 |       0 |     869 |   0.0 |       0 |      28 |   0.0 |  1257
           D:7 |       0 |    1629 |   0.0 |       0 |      18 |   0.0 |   805
               +---------+---------+-------+---------+---------+-------+---------
